 Dungeon Crawl Stone Soup version 0.32-a0-616-g9348d4545b (webtiles) character file.

Game seed: 11207544318179171854

1852 Fodor the Trooper (level 8, -1/73 HPs)
             Began as a Minotaur Fighter on Mar 5, 2024.
             Was an Initiate of Gozag.
             Succumbed to a water moccasin's poison
             ... on level 7 of the Dungeon.
             The game lasted 00:15:39 (4824 turns).

Fodor the Trooper (Minotaur Fighter)                Turns: 4824, Time: 00:15:40

Health: -1/73      AC: 15    Str: 19    XL:     8   Next: 88%
Magic:  7/7        EV:  8    Int: 10    God:    Gozag
Gold:   686        SH:  5    Dex: 10    Spells: 7/7 levels left

rFire   . . .        u - +10 trident of Zopsuala {pain, rCorr Str-4 Int+5 Stlth-}
rCold   . . .        c - +0 buckler
rNeg    + . .        b - +4 chain mail {ponderous}
rPois   .            (helmet restricted)
rElec   .            (no cloak)
rCorr   +            (no gloves)
SInv    .            h - +0 pair of boots
Will    +....        (no amulet) Stlth
                     v - ring of positive energy
HPRegen 0.32/turn    y - ring of willpower
MPRegen 0.10/turn

%: no passive effects
@: lethally poisoned (-1 -> -9), slow
A: horns 2, retaliatory headbutt
a: Renounce Religion, Potion Petition, Call Merchant, Bribe Branch


You were on level 7 of the Dungeon.
You worshipped Gozag.
Gozag was pleased with you.
You visited 1 branch of the dungeon, and saw 7 of its levels.

You collected 711 gold pieces.
You paid 25 gold pieces to Gozag.

Inventory:

Hand Weapons
 u - the +10 trident of Zopsuala (weapon) {pain, rCorr Str-4 Int+5 Stlth-}
   (You found it on level 4 of the Dungeon)

   Str-4:     It affects your strength (-4).
   Int+5:     It affects your intelligence (+5).
   rCorr:     It protects you from acid and corrosion.
   Stlth-:    It makes you less stealthy.
 z - a +0 shortbow
Missiles
 l - 5 silver javelins (quivered)
Armour
 b - a +4 chain mail of ponderousness (worn)
 c - a +0 buckler (worn)
 h - a +0 pair of boots (worn)
Jewellery
 v - a ring of positive energy (left hand)
 y - a ring of willpower (right hand)
Talismans
 e - a maw talisman
 k - a beast talisman
Scrolls
 a - a scroll of vulnerability {unknown}
 i - 3 scrolls of enchant armour
 m - a scroll of fear {unknown}
 n - a scroll of noise {unknown}
 q - a scroll of enchant weapon {unknown}
 s - a scroll of teleportation
 t - a scroll of revelation {unknown}
 w - 3 scrolls of amnesia
 x - 2 scrolls of blinking
 A - a scroll of identify
Potions
 d - 3 potions of might
 f - 2 potions of enlightenment {unknown}
 g - 3 potions of curing {unknown}
 j - a potion of resistance {unknown}
 o - a potion of mutation {unknown}
 p - a potion of heal wounds {unknown}
 r - 2 potions of ambrosia {unknown}


   Skills:
 + Level 7.5 Fighting
 + Level 5.5(7.4) Axes
 + Level 7.5(8.3) Polearms
 + Level 0.1 Throwing
 + Level 6.6 Armour
 + Level 2.0 Dodging
 + Level 0.9 Stealth
 + Level 5.9 Shields


You had 7 spell levels left.
You didn't know any spells.
Your spell library contained the following spells:

 Spells                   Type           Power      Damage    Failure   Level
 Static Discharge         Conj/Air       0%         3-3/arc   99%         2
 Inner Flame              Hex/Fire       0%         N/A       100%        3
 Airstrike                Air            0%         2d(0-16)  100%        4
 Flame Wave               Conj/Fire      0%         2d4       100%        4
 Sticky Flame             Fire/Alch      0%         2d4       100%        4
 Summon Blazeheart Golem  Fire/Summ      0%         N/A       100%        4
 Summon Lightning Spire   Summ/Air       0%         N/A       100%        4
 Orb of Destruction       Conj           0%         9d5       100%        7
 Spellforged Servitor     Conj/Summ      0%         N/A       100%        7


Dungeon Overview and Level Annotations

Branches:
Dungeon (7/15)             Temple (0/1) D:4

Altars:
Ashenzari
Gozag
Okawaru
Zin

Shops:
D:6 [*

Annotations:
D:3 2 transporters, audacious124's ghost, amateur DgRe
D:7 BeKind's ghost, novice OpFi


Innate Abilities, Weirdness & Mutations

You have a pair of horns on your head.
You reflexively headbutt those who attack you in melee.


Message History

You puncture the cyclops!
The cyclops is heavily wounded.
The gnoll sergeant completely misses you.
Something hits you but does no damage.
BeKind's ghost says, "I was once a great warrior, and I still am!"
You barely miss the cyclops.
The cyclops is heavily wounded.
The cyclops hits you!
* * * LOW HITPOINT WARNING * * *
Something hits you but does no damage.
You puncture the cyclops!
The cyclops is almost dead.
You hear some strange, mumbled words.
A magic dart appears from out of thin air!
The magic dart hits you but does no damage.
The cyclops hits you!
* * * LOW HITPOINT WARNING * * *
Blink to where?
Press: ? - help, Dir - move target
As you read the scroll of blinking, it crumbles to dust.
The water moccasin bites you but does no damage.
The orc hits you but does no damage.
The water moccasin completely misses you.
The gnoll sergeant hits you but does no damage.
The water moccasin attacks as it pursues you!
The water moccasin bites you but does no damage.
You block the water moccasin's attack.
Found 19 gold pieces.
The water moccasin attacks as it pursues you!
The water moccasin barely misses you. You block the water moccasin's attack.
Found a ring mail.
The water moccasin bites you but does no damage.
The water moccasin attacks as it pursues you!
The water moccasin bites you but does no damage.
The water moccasin bites you.
* * * LOW HITPOINT WARNING * * *
You are lethally poisoned!
The water moccasin poisons you!
You die...
Your body crumbles into a pile of gold.

.... ... ...... ##
.#....[.©... ...
.##### #.. ##... #
#.#..##$###.##
...##..~....##. ##.
##ß~.@~..~ß#
##..##.~#.##..#~.#
...##..oS##.##.~..
#...#.#~F##...##..#
##...#.#.Y#y....#..#
.....#.#{.##...##.
#.
#...##.C..##[#...!.#
....##..#.###$#~.##.
###..##ß......~ß##..


You could see a water moccasin, an ice beast, a bullfrog and an orc.

Vanquished Creatures
  An unseen horror (D:7)
  A black bear (D:7)
  3 ogres
  A centaur (D:6)
  A phantom (D:2)
  A kobold brigand (D:7)
  2 bullfrogs (D:7)
  2 scorpions
  2 howler monkeys
  3 hounds
  2 jellies (D:6)
  An orc priest (D:3)
  3 bombardier beetles
  A sleepcap (D:6)
  3 iguanas
  2 orc wizards
  11 gnolls
  4 adders
  A shadow imp (D:7)
  11 orcs
  4 endoplasms
  5 giant cockroaches
  4 goblins
  10 hobgoblins
  4 jackals (D:5)
  3 quokkas
  3 ball pythons (D:1)
  5 bats
  4 frilled lizards
  11 kobolds
  5 rats
114 creatures vanquished.

Notes
Turn   | Place    | Note
-------+----------+-------------------------------------------
     0 | D:1      | Fodor the Minotaur Fighter began the quest for the Orb.
     0 | D:1      | Reached XP level 1. HP: 19/19 MP: 0/0
    17 | D:1      | Found a faded altar of an unknown god.
   194 | D:1      | Reached XP level 2. HP: 27/27 MP: 1/1
   751 | D:2      | Reached XP level 3. HP: 29/33 MP: 2/2
   755 | D:2      | Noticed a phantom
   776 | D:2      | Killed a phantom
   777 | D:2      | Reached XP level 4. HP: 13/41 MP: 3/3
  1418 | D:3      | Found an opulent altar of Gozag.
  1427 | D:3      | Became a worshipper of Gozag Ym Sagoz the Greedy
  1590 | D:3      | Noticed audacious124's ghost (amateur DgRe)
  1591 | D:3      | Found a transporter.
  1592 | D:3      | Noticed an ogre
  1592 | D:3      | Identified the +5 great mace of the Shining Light {venom,
                  | *Corrode Int+2 Dex+10}
  1592 | D:3      | Noticed an ogre
  1599 | D:3      | Found a transporter.
  1684 | D:3      | Reached XP level 5. HP: 46/47 MP: 4/4
  1960 | D:3      | Reached skill level 5 in Fighting
  1989 | D:3      | Reached skill level 5 in Armour
  2421 | D:4      | Reached XP level 6. HP: 25/56 MP: 5/5
  2742 | D:4      | Found a staircase to the Ecumenical Temple.
  2886 | D:4      | Identified the +10 trident of Zopsuala {pain, rCorr Str-4
                  | Int+5 Stlth-}
  3114 | D:4      | Found a broken altar of Ashenzari.
  3327 | D:4      | You fall into a shaft and drop 1 floor!
  3327 | D:5      | Entered Level 5 of the Dungeon
  3387 | D:5      | Found a glowing silver altar of Zin.
  3388 | D:5      | Noticed an angel
  3421 | D:5      | Reached skill level 5 in Axes
  3535 | D:5      | Reached skill level 1 in Polearms
  3535 | D:5      | Reached XP level 7. HP: 31/62 MP: 6/6
  3750 | D:5      | Reached skill level 1 in Dodging
  3754 | D:5      | Reached skill level 5 in Shields
  4096 | D:5      | Found an iron altar of Okawaru.
  4250 | D:6      | Found Veobem's Armour Shop.
  4257 | D:6      | Reached XP level 8. HP: 62/71 MP: 7/7
  4319 | D:6      | Found Pyscheid's Overcharged Wands.
  4665 | D:7      | Found a transporter.
  4718 | D:7      | Reached skill level 5 in Polearms
  4789 | D:7      | Noticed a cyclops
  4801 | D:7      | Killed an unseen horror
  4812 | D:7      | Noticed BeKind's ghost (novice OpFi)
  4823 | D:7      | HP: 2/73 [water moccasin (6)]
  4824 | D:7      | Succumbed to a water moccasin's poison

Illustrated notes

Levels and vault maps discovered:
D:1:      dpeg_arrival_pond, layout_basic, hellmonk_ecumenical_altar_run_dry,
          nicolae_twisty_statue_hallways
D:2:      layout_basic, hangedman_decor_slide_cut
D:3:      layout_loops_ring, mainiacjoe_overflow_tiny_flanked,
          gammafunk_ghost_smash
D:4:      layout_loops_ring, nicolae_overflow_hidden_temple,
          minmay_temple_entry_antechambers, minmay_misc_feat_plants
D:5:      layout_loops_ring, okawaru_altar_gauntlet_db, zin_angel
D:6:      layout_basic, serial_shops, nicolae_shop_competitors_out_of_business,
          nicolae_shop_overcharged_wands
D:7:      layout_loops_cross, nzn_ghost_randoct, columned_hall_lemuel,
          chequers_serial_rivers_room_b, serial_bayou_lake_a

Skill      XL: |  1  2  3  4  5  6  7  8 |
---------------+-------------------------+-----
Shields        | 4 5 |  5.9
Armour         | 4 5 6 |  6.6
Fighting       | 4 5 6 7 |  7.5
Axes           | 3 4 5 |  5.5
Polearms       | 1 4 7 |  7.5
Dodging        | 1 2 |  2.0
Throwing       | |  0.1
Stealth        | |  0.9

Action                     |  1- 3 |  4- 6 |  7- 9 || total
---------------------------+-------+-------+-------++-------
  Melee: War axe           |    51 |   137 |       ||   188
         Headbutt          |     6 |    16 |    18 ||    40
         Trident           |       |    23 |    96 ||   119
  Throw: Javelin           |       |       |     1 ||     1
Ability: Begin Untransform |       |     1 |       ||     1
    Use: Scroll            |       |       |     5 ||     5
 Armour: Scale mail        |    14 |       |       ||    14
         Chain mail        |    20 |   153 |   109 ||   282
  Dodge: Dodged            |    29 |    51 |    44 ||   124
  Block: Buckler           |    15 |    26 |    26 ||    67
   Form: Maw               |       |     1 |       ||     1

Table legend: (Time is in decaauts)
 A = Elapsed time spent in this place.
 B = Non-inter-level travel time spent in this place.
 C = Inter-level travel time spent in this place.
 D = Time resting spent in this place.
 E = Time spent auto-exploring this place.
 F = Levels seen in this place.
 G = Mean time per level.
                   A        B        C        D        E       F      G
               +--------+--------+--------+--------+--------+-----+--------+
         Total |   5238 |   5032 |    206 |    236 |   3404 |   7 |  748.3 |
       Dungeon |   5238 |   5032 |    206 |    236 |   3404 |   7 |  748.3 |
               +--------+--------+--------+--------+--------+-----+--------+

Top non-repeatable levels by time:
     D:3: 1132 daAuts
     D:4: 1010 daAuts
     D:5: 972 daAuts
     D:2: 852 daAuts
     D:1: 626 daAuts
     D:6: 474 daAuts
     D:7: 169 daAuts
